MID
HAGERSTOWN SUNS @ AUGUSTA GREENJACKETS
04/06/2048
 
TOP OF THE 1ST
Hagerstown Suns batting - Pitching for Augusta GreenJackets : RHP Sergio Silva
Pitching: RHP Sergio Silva
Batting: RHB John Savard 0-0: Ground out 6-3 (Groundball, 6, EV 83.8 MPH)
Batting: RHB Antonio Vallez 0-0: Ground out 4-3 (Groundball, 4M, EV 88.1 MPH)
Batting: LHB Chance McWilliams 0-0: Ball
1-0: Ground out 6-3 (Groundball, 6M, EV 101.2 MPH)
Top of the 1st over - 0 runs, 0 hits, 0 errors, 0 left on base; Hagerstown 0 - Augusta 0
BOTTOM OF THE 1ST
Augusta GreenJackets batting - Pitching for Hagerstown Suns : RHP Matt Seivert
Pitching: RHP Matt Seivert
Batting: RHB Armando Ramirez 0-0: Swinging Strike
0-1: Ball
1-1: Ball
2-1: Ball
3-1: Foul Ball, location: 2F
3-2: Ground out U3 (Groundball, 34, EV 104.4 MPH)
Batting: RHB Ryan Roberts 0-0: Ball
1-0: Foul Ball, location: 2F
1-1: Swinging Strike
1-2: Fly out, F7 (Flyball, 7LM, EV 102.5 MPH)
Batting: RHB Tony Harper 0-0: Ball
1-0: Called Strike
1-1: Ball
2-1: Foul Ball, location: 2F
2-2: Ball
3-2: Foul Ball, location: 2F
3-2: Strikes out swinging
Bottom of the 1st over - 0 runs, 0 hits, 0 errors, 0 left on base; Hagerstown 0 - Augusta 0
TOP OF THE 2ND
Hagerstown Suns batting - Pitching for Augusta GreenJackets : RHP Sergio Silva
Batting: RHB Nick Moreno 0-0: Ball
1-0: Ball
2-0: Ball
3-0: Called Strike
3-1: SOLO HOME RUN (Flyball, 7LD, EV 96.2 MPH), Distance : 351 ft
Batting: LHB John Holst 0-0: Ball
1-0: Foul Ball, location: 2F
1-1: Ball
2-1: Ground out 6-3 (Groundball, 6, EV 101.2 MPH)
Batting: RHB Naofumi Ishida 0-0: Ball
1-0: Ball
2-0: Ball
3-0: Base on Balls
Batting: RHB Steve Bauman 0-0: Called Strike
0-1: Ball
1-1: Ball
2-1: Ball
3-1: SINGLE (Groundball, 6MD, EV 98.8 MPH)
Naofumi Ishida to second
Runner from 2nd tries for 3rd, SAFE, throw by CF made to third
Batting: RHB Jelexiz Cuenca 0-0: Ball
1-0: Ball
2-0: Swinging Strike
2-1: Ball
3-1: SINGLE (Groundball, 56D, EV 94.4 MPH)
Naofumi Ishida scores
Steve Bauman to second
Batting: LHB Bobby Adams 0-0: Called Strike
0-1: SINGLE (Groundball, 4MD, EV 95.0 MPH)
Steve Bauman to third
Jelexiz Cuenca to second
Runner from 3rd tries for Home, SAFE, throw by CF to home
Batting: RHB John Savard 0-0: Called Strike
0-1: Called Strike
0-2: Foul Ball, location: 2F
0-2: Ball
1-2: Foul Ball, location: 2F
1-2: Fly out, F5 (Line Drive, 56, EV 75.0 MPH)
Lined into DP, 5-4 (Line Drive, 56, EV 70.0 MPH)
Top of the 2nd over - 3 runs, 4 hits, 0 errors, 1 left on base; Hagerstown 3 - Augusta 0
BOTTOM OF THE 2ND
Augusta GreenJackets batting - Pitching for Hagerstown Suns : RHP Matt Seivert
Batting: LHB Oscar Tamayo 0-0: Foul Ball, location: 2F
0-1: Swinging Strike
0-2: Foul Ball, location: 2F
0-2: Ball
1-2: Ball
2-2: Foul Ball, location: 2F
2-2: Fly out, F8 (Flyball, 89D, EV 102.5 MPH)
Batting: RHB Jaime Rios 0-0: SOLO HOME RUN (Flyball, 7D, EV 98.8 MPH), Distance : 379 ft
Batting: RHB David Bibian 0-0: Foul Ball, location: 2F
0-1: Ball
1-1: Called Strike
1-2: Foul Ball, location: 2F
1-2: Ball
2-2: Foul Ball, location: 2F
2-2: Ground out 6-3 (Groundball, 6S, EV 61.9 MPH)
Batting: RHB Tsugio Yamaguchi 0-0: Ball
1-0: Foul Ball, location: 2F
1-1: Hit by Pitch
Batting: RHB Chris Kulik 0-0: Called Strike
0-1: Called Strike
0-2: Foul Ball, location: 2F
0-2: Strikes out swinging
Bottom of the 2nd over - 1 run, 1 hit, 0 errors, 1 left on base; Hagerstown 3 - Augusta 1
TOP OF THE 3RD
Hagerstown Suns batting - Pitching for Augusta GreenJackets : RHP Sergio Silva
Batting: RHB Antonio Vallez 0-0: Ball
1-0: Ball
2-0: Bunted foul
2-1: Swinging Strike
2-2: Strikes out swinging
Batting: LHB Chance McWilliams 0-0: Called Strike
0-1: Ball
1-1: Called Strike
1-2: Fly out, F8 (Flyball, 89M, EV 95.0 MPH)
Batting: RHB Nick Moreno 0-0: Ball
1-0: Ball
2-0: Foul Ball, location: 2F
2-1: Ball
3-1: DOUBLE (Line Drive, 7LM, EV 95.0 MPH)
Batting: LHB John Holst 0-0: Called Strike
0-1: Foul Ball, location: 2F
0-2: Ball
1-2: SINGLE (Line Drive, 89M, EV 100.0 MPH)
Nick Moreno to third
Batting: RHB Naofumi Ishida 0-0: Hit by Pitch
John Holst to second
Batting: RHB Steve Bauman 0-0: Ground out 4-3 (Groundball, 4S, EV 81.2 MPH)
Top of the 3rd over - 0 runs, 2 hits, 0 errors, 3 left on base; Hagerstown 3 - Augusta 1
BOTTOM OF THE 3RD
Augusta GreenJackets batting - Pitching for Hagerstown Suns : RHP Matt Seivert
Batting: RHB Noe Oliva 0-0: Called Strike
0-1: Called Strike
0-2: Ball
1-2: Hit by Pitch
Batting: RHB Armando Ramirez 0-0: Ball
1-0: Called Strike
1-1: Foul Ball, location: 2F
1-2: Foul Ball, location: 2F
1-2: Foul Ball, location: 2F
1-2: Fly out, F8 (Flyball, 8RS, EV 71.9 MPH)
Batting: RHB Ryan Roberts 0-0: Ball
1-0: Ball
2-0: Ball
3-0: Base on Balls
Noe Oliva to second
Batting: RHB Tony Harper 0-0: Called Strike
0-1: Swinging Strike
0-2: Ball
1-2: Ball
2-2: Grounds into double play, 6-4-3 (Groundball, 6S, EV 82.5 MPH)
Bottom of the 3rd over - 0 runs, 0 hits, 0 errors, 1 left on base; Hagerstown 3 - Augusta 1
TOP OF THE 4TH
Hagerstown Suns batting - Pitching for Augusta GreenJackets : RHP Sergio Silva
Batting: RHB Jelexiz Cuenca 0-0: Ball
1-0: Called Strike
1-1: Ground out 4-3 (Groundball, 4, EV 109.4 MPH)
Batting: LHB Bobby Adams 0-0: Swinging Strike
0-1: Ball
1-1: Ball
2-1: DOUBLE (Line Drive, 5D, EV 112.5 MPH)
Batting: RHB John Savard 0-0: Called Strike
Bobby Adams is caught stealing 3rd base 2-5
0-1: Ball
1-1: Fly out, F1 (Line Drive, P, EV 76.2 MPH)
Top of the 4th over - 0 runs, 1 hit, 0 errors, 0 left on base; Hagerstown 3 - Augusta 1
BOTTOM OF THE 4TH
Augusta GreenJackets batting - Pitching for Hagerstown Suns : RHP Matt Seivert
Batting: LHB Oscar Tamayo 0-0: Ball
1-0: Ball
2-0: Foul Ball, location: 2F
2-1: Foul Ball, location: 2F
2-2: Ball
3-2: Base on Balls
Batting: RHB Jaime Rios 0-0: Foul Ball, location: 2F
0-1: Ball
1-1: Ball
2-1: Ball
3-1: Called Strike
3-2: Strikes out swinging
Batting: RHB David Bibian 0-0: Called Strike
0-1: Swinging Strike
0-2: Ball
1-2: Ball
2-2: Foul Ball, location: 2F
2-2: Ball
3-2: SINGLE (Groundball, 56D, EV 98.8 MPH)
Oscar Tamayo to second
Batting: RHB Tsugio Yamaguchi 0-0: Swinging Strike
0-1: Ball
1-1: Swinging Strike
1-2: Strikes out looking
Batting: RHB Chris Kulik 0-0: Ball
1-0: Foul Ball, location: 2F
1-1: Ball
2-1: Ball
3-1: SINGLE (Groundball, 6MD, EV 96.2 MPH)
Oscar Tamayo to third
David Bibian to second
Runner from 3rd tries for Home, SAFE, throw by CF to home
Batting: RHB Noe Oliva 0-0: Fielders Choice at 2nd, 6-4 (Groundball, 6, EV 108.1 MPH)
Bottom of the 4th over - 1 run, 2 hits, 0 errors, 2 left on base; Hagerstown 3 - Augusta 2
TOP OF THE 5TH
Hagerstown Suns batting - Pitching for Augusta GreenJackets : RHP Sergio Silva
Batting: RHB Antonio Vallez 0-0: Ball
1-0: Called Strike
1-1: Foul Ball, location: 2F
1-2: Ball
2-2: Ball
3-2: Base on Balls
Batting: LHB Chance McWilliams 0-0: Called Strike
Antonio Vallez steals 2nd base
0-1: Ground out U3 (Groundball, 3, EV 98.8 MPH)
Antonio Vallez to third
Batting: RHB Nick Moreno 0-0: Called Strike
0-1: Ball
1-1: Ball
Wild Pitch!
Antonio Vallez scores
2-1: Ground out U3 (Groundball, 3, EV 84.4 MPH)
Batting: LHB John Holst 0-0: Foul Ball, location: 2F
0-1: Ball
1-1: Foul Ball, location: 2F
1-2: Ball
2-2: Foul Ball, location: 2F
2-2: Fly out, F8 (Flyball, 78D, EV 87.5 MPH)
Top of the 5th over - 1 run, 0 hits, 0 errors, 0 left on base; Hagerstown 4 - Augusta 2
BOTTOM OF THE 5TH
Augusta GreenJackets batting - Pitching for Hagerstown Suns : RHP Matt Seivert
Batting: RHB Armando Ramirez 0-0: Ball
1-0: Called Strike
1-1: Ball
2-1: Swinging Strike
2-2: Strikes out swinging
Pitching: RHP Alpha Miller
Batting: RHB Ryan Roberts 0-0: Ground out 4-3 (Groundball, 4, EV 90.6 MPH)
Batting: RHB Tony Harper 0-0: Called Strike
0-1: Foul Ball, location: 2F
0-2: DOUBLE (Groundball, 5L, EV 101.9 MPH)
Batting: LHB Oscar Tamayo 0-0: Ball
1-0: Ball
2-0: Called Strike
2-1: Foul Ball, location: 2F
2-2: Ball
3-2: Strikes out swinging
Bottom of the 5th over - 0 runs, 1 hit, 0 errors, 1 left on base; Hagerstown 4 - Augusta 2
TOP OF THE 6TH
Hagerstown Suns batting - Pitching for Augusta GreenJackets : RHP Sergio Silva
Pitching: RHP Kyle Rindels
Batting: RHB Naofumi Ishida 0-0: Ball
1-0: Foul Ball, location: 2F
1-1: Called Strike
1-2: Foul Ball, location: 2F
1-2: Hit by Pitch
Batting: RHB Steve Bauman 0-0: Swinging Strike
0-1: Fly out, F3 (Line Drive, 3, EV 69.4 MPH)
Lined into DP, U3 (Line Drive, 3, EV 61.9 MPH)
Batting: RHB Jelexiz Cuenca 0-0: Ball
1-0: Called Strike
1-1: Foul Ball, location: 2F
1-2: Strikes out looking
Top of the 6th over - 0 runs, 0 hits, 0 errors, 0 left on base; Hagerstown 4 - Augusta 2
BOTTOM OF THE 6TH
Augusta GreenJackets batting - Pitching for Hagerstown Suns : RHP Alpha Miller
Batting: RHB Jaime Rios 0-0: Called Strike
0-1: Called Strike
0-2: Ball
1-2: Strikes out swinging
Batting: RHB David Bibian 0-0: Ground out 5-3 (Groundball, 56S, EV 92.5 MPH)
Batting: RHB Tsugio Yamaguchi 0-0: Called Strike
0-1: Ball
1-1: DOUBLE (Line Drive, 7LM, EV 101.9 MPH)
Batting: RHB Chris Kulik 0-0: Ball
1-0: Swinging Strike
1-1: Swinging Strike
1-2: Foul Ball, location: 2F
1-2: Strikes out swinging
Bottom of the 6th over - 0 runs, 1 hit, 0 errors, 1 left on base; Hagerstown 4 - Augusta 2
TOP OF THE 7TH
Hagerstown Suns batting - Pitching for Augusta GreenJackets : RHP Kyle Rindels
Pitching: LHP Jeff Briggs
Batting: LHB Bobby Adams 0-0: Ball
1-0: Ball
2-0: Ground out 5-3 (Groundball, 56, EV 91.9 MPH)
Pitching: RHP Tucker Perillo
Batting: RHB John Savard 0-0: Ball
1-0: SOLO HOME RUN (Line Drive, 7D, EV 105.6 MPH), Distance : 388 ft
Batting: RHB Antonio Vallez 0-0: Ball
1-0: Ball
2-0: Called Strike
2-1: Swinging Strike
2-2: Strikes out swinging
Batting: LHB Chance McWilliams 0-0: Ball
1-0: Ball
2-0: Ground out 4-3 (Groundball, 34D, EV 107.5 MPH)
Top of the 7th over - 1 run, 1 hit, 0 errors, 0 left on base; Hagerstown 5 - Augusta 2
BOTTOM OF THE 7TH
Augusta GreenJackets batting - Pitching for Hagerstown Suns : RHP Alpha Miller
Pitching: RHP Danny Hoekenga
Batting: RHB Noe Oliva 0-0: Ball
1-0: Ground out 6-3 (Groundball, 6, EV 93.8 MPH)
Batting: RHB Armando Ramirez 0-0: Called Strike
0-1: Fly out, F8 (Flyball, 8RM, EV 76.9 MPH)
Batting: RHB Ryan Roberts 0-0: Ball
1-0: Foul Ball, location: 2F
1-1: Ball
2-1: Ball
3-1: Swinging Strike
3-2: Strikes out swinging
Bottom of the 7th over - 0 runs, 0 hits, 0 errors, 0 left on base; Hagerstown 5 - Augusta 2
TOP OF THE 8TH
Hagerstown Suns batting - Pitching for Augusta GreenJackets : RHP Tucker Perillo
Pitching: RHP Chance Robinson
Batting: RHB Nick Moreno 0-0: Called Strike
0-1: Ball
1-1: Called Strike
1-2: Ball
2-2: SOLO HOME RUN (Line Drive, 7LD, EV 95.6 MPH), Distance : 353 ft
Batting: LHB John Holst 0-0: DOUBLE (Line Drive, 9LM, EV 111.9 MPH)
Batting: RHB Naofumi Ishida 0-0: Ball
1-0: Ball
2-0: Foul Ball, location: 2F
2-1: Ball
3-1: Base on Balls
Batting: RHB Steve Bauman 0-0: Ball
1-0: Ball
2-0: Sac Bunt to 23 - play at first, batter OUT! 3-4
John Holst to third
Naofumi Ishida to second
Batting: RHB Jelexiz Cuenca 0-0: Called Strike
0-1: Swinging Strike
0-2: Ball
1-2: Foul Ball, location: 2F
1-2: Ball
Wild Pitch!
John Holst scores
Naofumi Ishida to third
2-2: Strikes out swinging
Batting: LHB Bobby Adams 0-0: Ball
1-0: Called Strike
1-1: Called Strike
1-2: Ball
2-2: Fly out, F8 (Flyball, 8RD, EV 105.0 MPH)
Top of the 8th over - 2 runs, 2 hits, 0 errors, 1 left on base; Hagerstown 7 - Augusta 2
BOTTOM OF THE 8TH
Augusta GreenJackets batting - Pitching for Hagerstown Suns : RHP Danny Hoekenga
Batting: RHB Tony Harper 0-0: Called Strike
0-1: Foul Ball, location: 2F
0-2: Foul Ball, location: 2F
0-2: Ball
1-2: Reached on error, E4 (Groundball, 4, EV 81.9 MPH)
Batting: LHB Oscar Tamayo 0-0: Ball
1-0: Foul Ball, location: 2F
Pickoff Throw to First - Out! 1-3 CS
1-1: Swinging Strike
1-2: Ball
2-2: Ball
3-2: Base on Balls
Batting: RHB Jaime Rios 0-0: Foul Ball, location: 2F
0-1: Ball
1-1: Foul Ball, location: 2F
1-2: Strikes out looking
Batting: RHB David Bibian 0-0: Called Strike
0-1: Foul Ball, location: 2F
0-2: Ball
1-2: Strikes out looking
Bottom of the 8th over - 0 runs, 0 hits, 1 error, 1 left on base; Hagerstown 7 - Augusta 2
TOP OF THE 9TH
Hagerstown Suns batting - Pitching for Augusta GreenJackets : RHP Chance Robinson
Pitching: RHP Harry Dickson
Batting: RHB John Savard 0-0: Ball
1-0: Ball
2-0: Ball
3-0: Base on Balls
Batting: RHB Antonio Vallez 0-0: Called Strike
John Savard steals 2nd, throwing error, E2
John Savard to third
0-1: Ball
1-1: Fly out, F8 (Line Drive, 8RD, EV 93.1 MPH)
Runner from 3rd tags up, OUT at HOME! 8-2
Batting: LHB Chance McWilliams 0-0: Called Strike
0-1: Ground out U3 (Groundball, 3L, EV 83.8 MPH)
Top of the 9th over - 0 runs, 0 hits, 1 error, 0 left on base; Hagerstown 7 - Augusta 2
BOTTOM OF THE 9TH
Augusta GreenJackets batting - Pitching for Hagerstown Suns : RHP Danny Hoekenga
Batting: RHB Tsugio Yamaguchi 0-0: Called Strike
0-1: Fly out, F9 (Line Drive, 89D, EV 93.1 MPH)
Pinch Hitting: LHB Takaaki Nishimoto 0-0: Ball
1-0: Ball
2-0: Ball
3-0: Base on Balls
Pinch Hitting: LHB Alex Larangho 0-0: Called Strike
0-1: Foul Ball, location: 2F
0-2: Ball
1-2: Foul Ball, location: 2F
1-2: Foul Ball, location: 2F
1-2: Foul Ball, location: 2F
1-2: Foul Ball, location: 2F
1-2: Foul Ball, location: 2F
1-2: Foul Ball, location: 2F
1-2: Foul Ball, location: 2F
1-2: Strikes out swinging
Pitching: RHP John Kovach
Batting: RHB Armando Ramirez 0-0: Swinging Strike
0-1: Ball
1-1: Ball
2-1: DOUBLE (Line Drive, 5D, EV 98.8 MPH)
Takaaki Nishimoto to third
Batting: RHB Ryan Roberts 0-0: Ball
1-0: Ground out 4-3 (Groundball, 4, EV 89.4 MPH)
Bottom of the 9th over - 0 runs, 1 hit, 0 errors, 2 left on base; Hagerstown 7 - Augusta 2
Tuesday, March 28th , 2023 - OOTP Baseball 23.10 Build 110